Unix NetHack Version 3.7.0-88 Work-in-progress - last build Aug 21 2023 04:08:40 (b68ccb3e4f8f5dcb83e1e40b1ff56e7dffd4cd28,branch:master). Game began 2023-08-30 12:57:27, ended 2023-08-30 13:13:59. MargeBouvier, neutral female gnomish Wizard ------ ------------- ###.....| ------- |.......*....####### ## |..^.| #......| |...........| ############ ##|....| #|....<| |...........+ --------# #--.--- #--.---- |.....*.....| .......|# ########### ------- ## # ------|------ |......|# # #0##|..>...####### # # ##.......|# # ####......| # # # |.......# # # |...{.| ## ## # |......| ## ------- ---.---- # ##### |......| --.---a |......| # ### -------- |....@a |....<.| # # |...f| |......| -----|--- # |..d.| |......| |.......| # |....| |......| |........###### ------ |......| |.......| -------- --------- MargeBouvier the Thaumaturge St:8 Dx:14 Co:13 In:19 Wi:11 Ch:12 Neutral Dlvl:6 $:205 HP:0(32) Pw:42(43) AC:7 Exp:6 T:3873 Burdened Latest messages: KABOOM!! The door was booby-trapped! You stagger... The little dog picks up a throwing star. The little dog drops a throwing star. You feel a bit steadier now. You swap places with your little dog. You see here a throwing star. You have a little trouble lifting U - a throwing star (7 in total). You swap places with your little dog. You swap places with Scrag-Bag. Scrag-Bag bites the gas spore. The gas spore is killed! Boom! Scrag-Bag is caught in the gas spore's explosion! You see here 8 gold pieces. You have a little trouble lifting $ - 8 gold pieces (188 in total). The little dog falls into a pit! The sewer rat bites! In what direction? The spell hits the sewer rat! You kill the sewer rat! You see here a sewer rat corpse. There is a sewer rat corpse here; eat it? [ynq] (n) Blecch! Rotten food! Everything suddenly goes dark. What do you want to eat? [C or ?*] You cannot eat that! You swap places with your little dog. You can see again. You swap places with Scrag-Bag. You swap places with Scrag-Bag. A rock mole suddenly appears close by! You see here 2 food rations. You have a little trouble lifting C - 2 food rations (3 in total). You swap places with your little dog. You see here 17 gold pieces. You have a little trouble lifting $ - 17 gold pieces (205 in total). The door opens. The soldier ant bites! The soldier ant stings! The soldier ant bites! The soldier ant stings! The soldier ant bites! The soldier ant stings! You die... Do you want your possessions identified? [ynq] (y) Do you want to see your attributes? [ynq] (y) Do you want an account of creatures vanquished? [ynaq] (y) Do you want to see your conduct and achievements? [ynq] (y) Do you want to see the dungeon overview? [ynq] (y) Inventory: Coins $ - 205 gold pieces Weapons O - a +0 sling U - 7 +0 shuriken a - a blessed +1 quarterstaff (weapon in hands) Armor G - an uncursed +0 pair of iron shoes (being worn) b - an uncursed +0 cloak of magic resistance (being worn) N - an uncursed +0 mummy wrapping Q - an uncursed +0 mummy wrapping Comestibles C - 3 uncursed food rations Scrolls r - an uncursed scroll of confuse monster i - 2 uncursed scrolls of enchant weapon D - an uncursed scroll of identify j - 3 uncursed scrolls of magic mapping p - an uncursed scroll of teleportation S - an uncursed scroll of teleportation Spellbooks R - an uncursed spellbook of light Potions q - an uncursed potion of full healing z - an uncursed potion of gain ability g - a blessed potion of gain level I - an uncursed potion of healing J - a blessed potion of invisibility f - an uncursed potion of monster detection h - an uncursed potion of object detection y - an uncursed potion of restore ability P - a blessed potion of sickness H - an uncursed potion of water Rings K - a cursed -1 ring of gain strength e - an uncursed +1 ring of increase damage (on left hand) L - an uncursed ring of shock resistance d - an uncursed ring of sustain ability n - an uncursed ring of teleport control (on right hand) Wands c - a wand of teleportation (0:8) Tools m - a magic marker (0:85) l - an uncursed oil lamp t - a tinning kit (0:70) Gems/Stones F - an uncursed amber stone MargeBouvier the Wizard's attributes: Background: You were a Thaumaturge, a level 6 female gnomish Wizard. You were neutral, on a mission for Thoth who was opposed by Ptah (lawful) and Anhur (chaotic). You were in the Dungeons of Doom, on level 6. You entered the dungeon 3873 turns ago. There was a full moon in effect when your adventure ended. You had 348 experience points, 292 more were needed to attain level 7. Basics: You had 0 out of 32 hit points. You had 42 out of 43 energy points (spell power). Your armor class was 7. Your wallet contained 205 zorkmids. Autopickup was off. Final Characteristics: Your strength was 8 (peak:9, limit:18/50). Your dexterity was 14 (limit:18). Your constitution was 13 (limit:18). Your intelligence was 19 (limit:19). Your wisdom was 11 (limit:18). Your charisma was 12 (limit:18). Final Status: You were not hungry. You were burdened; movement was slightly slowed. You were wielding a quarterstaff. You had basic skill with quarterstaff. Final Attributes: You were devoutly aligned. You were magic-protected. You were telepathic. You had infravision. You had teleport control. You had a small damage bonus (+1). You were warded. You were lucky. You are dead. Miscellaneous: You never encountered a bones level. Total elapsed playing time was 16 minutes and 31 seconds. Major events: Turn 1: MargeBouvier the neutral female gnomish Wizard entered the dungeon 1060: entered the Gnomish Mines 1258: attained the rank of Conjurer (level 3) 3614: attained the rank of Thaumaturge (level 6) 3873: killed by a soldier ant Vanquished creatures: a leprechaun a gnome mummy 2 rock piercers 3 rock moles a fog cloud a kobold mummy a gray ooze 2 floating eyes 2 dwarves a homunculus a kobold leader a kobold shaman 5 hill orcs 2 rothes 2 rabid rats a centipede a giant bat 4 iguanas 5 acid blobs a coyote a gas spore 2 hobbits 2 cave spiders 2 brown molds a yellow mold a green mold 5 gnomes 2 garter snakes a gnome zombie 2 geckos 4 jackals a goblin 5 sewer rats 8 grid bugs a bat 4 lichens a kobold zombie 9 newts 90 creatures vanquished. No species were genocided or became extinct. Voluntary challenges: You read items or engraved 6 times. You engraved Elbereth 4 times. You never genocided any monsters. You never polymorphed an object. You never changed form. You used no wishes. Achievements: You entered the Gnomish Mines. You attained the rank of Conjurer. You attained the rank of Thaumaturge. The Dungeons of Doom: levels 1 to 7 Level 1: Level 2: A fountain. Level 3: An altar to Thoth. Stairs down to The Gnomish Mines. Level 4: Level 5: Many fountains. Level 6: <- You were here. A fountain. Final resting place for you, killed by a soldier ant. Level 7: The Gnomish Mines: levels 4 to 6 Level 4: Level 5: Level 6: Game over: ---------- / \ / REST \ / IN \ / PEACE \ / \ | MargeBouvier | | 205 Au | | killed by a | | soldier ant | | | | | | 2023 | *| * * * | * _________)/\\_//(\/(/\)/\//\/|_)_______ Goodbye MargeBouvier the Wizard... You died in The Dungeons of Doom on dungeon level 6 with 1877 points, and 205 pieces of gold, after 3873 moves. You were level 6 with a maximum of 32 hit points when you died.